Map: Odyssey LE

Players

Neeb - Winner!

  • Race: Protoss Protoss
  • Spawn Location: 5:00

Snute

  • Race: Zerg Zerg
  • Spawn Location: 11:00

Event: WCS Montreal 2017

VOD

Have the link to the VOD?

Description

Time

  • Played on: Sept. 10, 2017, 1:34 p.m.
  • Length: 15:34

All games in this series

Show
View Real Time Build Order
Export as new Build Order

Neeb Protoss - Winner!

Build Orders: Nexus First, Oracle Opening 

Get SALT Encoding   

  12  0:00  Probe (Chrono Boost)  
  13  0:11  Probe (Chrono Boost)  
  14  0:17  Pylon  
  14  0:22  Probe (Chrono Boost)  
  15  0:36  Probe (Chrono Boost)  
  16  0:46  Probe (Chrono Boost)  
  18  0:57  Probe (Chrono Boost)  
  18  1:03  Nexus  
  18  1:12  Gateway  
  18  1:17  Probe (Chrono Boost)  
  19  1:25  Assimilator  
  19  1:27  Probe (Chrono Boost)  
  19  1:30  Assimilator  
  20  1:38  Probe (Chrono Boost)  
  20  1:39  Pylon  
  21  1:48  Probe (Chrono Boost)  
  22  1:59  Probe (Chrono Boost), Cybernetics Core  
  23  2:09  Probe (Chrono Boost)  
  25  2:15  Probe (Chrono Boost)  
  25  2:20  Probe (Chrono Boost)  
  26  2:26  Probe (Chrono Boost)  
  26  2:29  Probe (Chrono Boost)  
  27  2:35  Adept (Chrono Boost)  
  27  2:36  Probe, Stargate  
  31  2:39  Probe  
  31  2:43  Warp Gate  
  32  2:48  Probe  
  32  2:50  Probe  
  34  2:59  Adept (Chrono Boost)  
  34  3:00  Probe x2  
  38  3:07  Assimilator  
  38  3:09  Assimilator  
  38  3:11  Probe (Chrono Boost)  
  39  3:13  Probe (Chrono Boost)  
  39  3:15  Oracle (Chrono Boost)  
  39  3:18  Pylon  
  40  3:24  Probe (Chrono Boost)  
  40  3:25  Probe (Chrono Boost)  
  45  3:29  Gateway  
  45  3:35  Probe (Chrono Boost)  
  45  3:37  Probe (Chrono Boost)  
  47  3:43  Stargate  
  47  3:46  Probe (Chrono Boost)  
  49  3:50  Probe (Chrono Boost), Void Ray  
  49  3:55  Pylon  
  49  3:56  Probe (Chrono Boost)  
  54  4:07  Pylon  
  54  4:11  Probe (Chrono Boost)  
  54  4:13  Probe (Chrono Boost)  
  54  4:21  Probe (Chrono Boost)  
  55  4:25  Probe (Chrono Boost)  
  55  4:29  Nexus  
  54  4:32  Probe (Chrono Boost)  
  54  4:37  Probe (Chrono Boost)  
  51  4:39  Oracle (Chrono Boost)  
  51  4:43  Probe (Chrono Boost)  
  55  4:47  Oracle (Chrono Boost)  
  55  4:49  Probe (Chrono Boost)  
  58  4:53  Probe (Chrono Boost)  
  60  5:01  Probe (Chrono Boost)  
  60  5:03  Probe (Chrono Boost)  
  60  5:05  Pylon  
  61  5:08  Adept  
  61  5:09  Adept  
  61  5:11  Probe  
  65  5:15  Oracle (Chrono Boost)  
  65  5:16  Probe  
  69  5:23  Probe, Oracle (Chrono Boost), Pylon  
  69  5:28  Probe  
  74  5:32  Zealot x2  
  78  5:39  Probe  
  78  5:40  Assimilator, Probe  
  80  5:43  Mothership Core  
  80  5:45  Assimilator  
  80  5:48  Pylon  
  82  5:50  Probe  
  82  5:51  Stargate  
  82  5:53  Probe  
  84  6:00  Probe  
  84  6:03  Oracle (Chrono Boost)  
  88  6:04  Probe  
  88  6:09  Probe  
  88  6:11  Probe  
  90  6:16  Probe, Oracle (Chrono Boost)  
  95  6:21  Probe  
  95  6:22  Probe  
  94  6:28  Probe  
  95  6:33  Probe x2  
  95  6:35  Oracle (Chrono Boost)  
  95  6:36  Pylon  
  95  6:37  Oracle (Chrono Boost)  
  103  6:40  Probe  
  103  6:45  Probe  
  103  6:46  Probe  
  106  6:47  Oracle (Chrono Boost)  
  106  6:50  Gateway  
  106  6:52  Gateway  
  109  6:58  Probe  
  109  6:59  Nexus  
  110  7:02  Zealot x2, Pylon  
  110  7:06  Pylon  
  110  7:07  Oracle (Chrono Boost)  
  117  7:12  Pylon  
  117  7:20  Probe x3  
  117  7:24  Oracle x2 (Chrono Boost)  
  117  7:27  Adept  
  117  7:28  Adept  
  127  7:32  Probe x2  
  127  7:35  Probe  
  124  7:39  Gateway  
  124  7:40  Gateway, Oracle (Chrono Boost)  
  122  7:44  Probe  
  122  7:45  Twilight Council  
  122  7:47  Forge  
  122  7:49  Forge, Adept  
  123  7:59  Oracle x2 (Chrono Boost)  
  123  8:04  Probe x2  
  131  8:08  Assimilator  
  131  8:09  Protoss Ground Weapons Level 1  
  131  8:11  Probe, Protoss Ground Armor Level 1  
  130  8:13  Probe  
  130  8:15  Oracle (Chrono Boost)  
  135  8:22  Zealot x4  
  142  8:29  Charge (Chrono Boost)  
  142  8:30  Probe, Oracle  
  142  8:32  Probe x3  
  149  8:38  Oracle  
  152  8:41  Probe  
  153  8:56  Oracle  
  153  8:58  Gateway  
  153  9:01  Gateway, Pylon x2  
  153  9:02  Pylon  
  156  9:03  Pylon  
  156  9:10  Gateway  
  156  9:15  Photon Cannon  
  156  9:19  Oracle (Chrono Boost)  
  156  9:20  Zealot x6, Pylon  
  156  9:21  Oracle (Chrono Boost)  
  172  9:35  Pylon  
  172  9:36  Oracle (Chrono Boost), Pylon  
  175  9:42  Zealot x6  
  187  9:53  Oracle (Chrono Boost)  
  181  10:00  Oracle (Chrono Boost)  
  181  10:04  Probe x2  
  181  10:05  Probe  
  147  10:08  Zealot  
  147  10:09  Zealot x6  
  147  10:11  Probe  
  147  10:12  Protoss Ground Armor Level 2  
  147  10:13  Oracle (Chrono Boost)  
  133  10:16  Probe  
  133  10:17  Probe  
  133  10:20  Protoss Ground Weapons Level 2  
  134  10:21  Probe  
  134  10:23  Pylon  
  134  10:24  Probe, Oracle (Chrono Boost)  
  142  10:35  Oracle (Chrono Boost)  
  129  10:47  Zealot x7, Oracle (Chrono Boost)  
  135  10:55  Oracle (Chrono Boost)  
  138  11:02  Gateway  
  138  11:04  Gateway  
  138  11:06  Oracle (Chrono Boost)  
  138  11:07  Gateway  
  138  11:10  Nexus  
  141  11:12  Probe x4, Pylon  
  148  11:18  Oracle (Chrono Boost)  
  148  11:22  Templar Archives  
  148  11:24  Zealot  
  148  11:25  Zealot x6  
  162  11:26  Oracle (Chrono Boost)  
  165  11:36  Probe x2  
  165  11:38  Oracle (Chrono Boost)  
  168  11:44  Probe x2  
  153  11:49  Oracle (Chrono Boost)  
  153  11:51  Zealot x2  
  153  11:52  Zealot x5  
  145  11:57  Oracle (Chrono Boost)  
  148  12:01  Cybernetics Core  
  138  12:09  Oracle (Chrono Boost)  
  138  12:11  Zealot x3  
  138  12:12  Zealot x6  
  145  12:18  Probe x3  
  145  12:20  Oracle (Chrono Boost)  
  151  12:28  Oracle (Chrono Boost)  
  154  12:30  Pylon  
  154  12:37  High Templar x3  
  154  12:38  High Templar, Zealot x5  
  154  12:40  Oracle (Chrono Boost)  
  175  12:44  Archon x2  
  175  12:51  Oracle (Chrono Boost)  
  175  12:54  Assimilator  
  175  12:55  Assimilator  
  175  12:57  Photon Cannon, Pylon  
  178  12:59  Oracle (Chrono Boost)  
  181  13:11  Oracle (Chrono Boost)  
  170  13:21  Zealot x10  
  170  13:26  Oracle (Chrono Boost)  
  190  13:28  Oracle (Chrono Boost)  
  190  13:32  Psionic Storm  
  192  13:35  Robotics Facility  
  192  13:38  Robotics Facility  
  172  13:48  Zealot x10  
  192  13:52  Oracle  
  195  13:56  Oracle  
  195  14:00  Pylon  
  198  14:02  Pylon  
  196  14:12  Zealot x2  
  200  14:21  Oracle  
  195  14:27  Oracle (Chrono Boost)  
  195  14:29  Zealot x2  
  200  14:37  Oracle (Chrono Boost)  
  185  14:44  Zealot x5  
  154  14:50  Robotics Facility x2  
  154  14:51  Robotics Facility  
  154  14:56  Oracle (Chrono Boost)  
  157  15:06  Cybernetics Core  
  158  15:08  Pylon  
  158  15:10  Pylon  
  152  15:15  Zealot x7  
Show
View Real Time Build Order
Export as new Build Order

Snute Zerg 

Build Orders: Hatch First 

Get SALT Encoding   

  12  0:00  Drone  
  13  0:12  Overlord  
  13  0:16  Drone  
  14  0:30  Drone x2  
  14  0:34  Drone  
  17  0:51  Hatchery  
  17  0:54  Drone  
  18  0:57  Drone  
  18  1:00  Extractor  
  17  1:14  Spawning Pool  
  17  1:15  Drone  
  17  1:20  Drone  
  18  1:27  Drone  
  19  1:38  Overlord  
  19  1:49  Drone  
  20  2:01  Queen, Zergling x2  
  20  2:03  Queen  
  20  2:06  Metabolic Boost  
  25  2:13  Zergling x2  
  25  2:14  Drone  
  28  2:15  Drone  
  28  2:21  Drone  
  29  2:24  Drone  
  30  2:32  Drone  
  30  2:35  Drone  
  32  2:45  Hatchery  
  32  2:50  Pneumatized Carapace  
  31  2:55  Drone  
  31  2:56  Overlord  
  31  2:58  Zergling x2  
  33  3:00  Zergling x2  
  33  3:04  Zergling x2  
  35  3:09  Drone  
  35  3:11  Overlord  
  36  3:14  Drone x2  
  36  3:15  Drone  
  36  3:17  Drone  
  41  3:20  Drone  
  41  3:21  Drone  
  41  3:23  Drone  
  43  3:28  Drone  
  44  3:35  Overlord  
  44  3:38  Queen  
  46  3:42  Drone x3  
  46  3:43  Drone x2  
  51  3:50  Spore Crawler  
  51  3:51  Spore Crawler  
  51  3:53  Overlord  
  51  3:54  Drone x2  
  53  3:56  Drone  
  53  3:58  Drone  
  53  3:59  Evolution Chamber  
  54  4:04  Drone  
  54  4:06  Drone  
  54  4:09  Drone  
  57  4:16  Drone x4  
  61  4:19  Queen x2  
  61  4:20  Drone  
  66  4:26  Queen  
  66  4:30  Zergling x8  
  72  4:33  Zergling x2  
  72  4:34  Zergling x2  
  74  4:39  Spore Crawler  
  74  4:40  Spore Crawler  
  74  4:41  Zerg Missile Weapons Level 1  
  74  4:42  Spore Crawler  
  74  4:43  Drone x3  
  71  4:49  Drone x2  
  71  4:50  Drone  
  72  4:53  Drone  
  72  4:57  Overlord  
  73  5:01  Extractor  
  73  5:02  Drone x2  
  74  5:13  Hatchery  
  74  5:14  Overlord, Drone  
  73  5:15  Lair  
  73  5:16  Drone x2  
  73  5:17  Drone x2  
  73  5:20  Drone  
  78  5:22  Queen, Extractor, Drone  
  78  5:23  Drone  
  81  5:30  Extractor, Drone x2  
  81  5:31  Extractor  
  81  5:33  Drone x2  
  81  5:34  Baneling Nest, Drone  
  83  5:41  Drone x3  
  83  5:42  Drone x4  
  90  5:51  Spore Crawler  
  90  5:56  Overlord  
  89  6:00  Overlord  
  89  6:02  Queen  
  89  6:04  Queen  
  85  6:11  Zergling x12  
  85  6:12  Zergling x4  
  85  6:16  Overlord  
  90  6:18  Overlord  
  90  6:20  Spore Crawler, Overlord  
  90  6:21  Overlord  
  90  6:25  Extractor  
  88  6:27  Infestation Pit  
  88  6:28  Hydralisk Den, Drone  
  88  6:29  Queen, Drone  
  88  6:30  Drone x2  
  92  6:33  Drone x3  
  92  6:36  Zerg Missile Weapons Level 2  
  92  6:38  Queen, Drone  
  92  6:39  Drone  
  99  6:40  Queen  
  99  6:41  Spore Crawler  
  99  6:46  Spore Crawler  
  99  6:47  Drone  
  99  6:48  Drone x4  
  104  6:59  Muscular Augments  
  103  7:04  Infestor x2  
  103  7:06  Queen  
  109  7:08  Hydralisk  
  109  7:09  Spore Crawler, Hydralisk x3  
  109  7:13  Spore Crawler  
  110  7:16  Drone x4  
  110  7:17  Drone  
  110  7:21  Drone x4  
  111  7:22  Drone  
  111  7:25  Hydralisk  
  113  7:33  Hydralisk x3  
  114  7:43  Zergling x14  
  119  7:46  Infestor  
  119  7:49  Hydralisk  
  119  7:50  Hydralisk  
  125  7:55  Hydralisk  
  126  8:02  Hydralisk  
  126  8:03  Hydralisk x2  
  130  8:09  Spore Crawler  
  130  8:11  Spore Crawler, Hydralisk x3  
  135  8:14  Overlord  
  135  8:15  Overlord  
  131  8:22  Hydralisk x2  
  131  8:27  Overlord x2  
  135  8:31  Hydralisk  
  135  8:32  Overlord  
  135  8:33  Hydralisk  
  135  8:34  Hydralisk x4  
  136  8:37  Hydralisk  
  148  8:44  Burrow  
  148  8:50  Zergling x16  
  148  8:54  Spore Crawler, Hatchery  
  148  8:55  Hydralisk  
  156  8:57  Hydralisk  
  156  8:58  Hydralisk  
  160  9:03  Hydralisk x3  
  160  9:07  Zergling x2  
  160  9:08  Zergling x6  
  170  9:12  Overseer  
  170  9:19  Zergling x12  
  170  9:23  Overlord x2  
  176  9:25  Baneling x14  
  175  9:31  Overlord  
  175  9:42  Zergling x16  
  175  9:43  Zergling x6  
  184  9:48  Hatchery  
  184  9:50  Hydralisk  
  184  9:51  Hydralisk x3  
  191  9:59  Zergling x6  
  192  10:00  Zergling x12  
  192  10:07  Zergling x8  
  160  10:11  Hydralisk x3  
  160  10:12  Hydralisk  
  132  10:16  Hydralisk x2  
  132  10:17  Hydralisk  
  129  10:24  Infestor x3  
  129  10:27  Hydralisk x2  
  139  10:31  Hydralisk x2  
  143  10:42  Hydralisk x2  
  133  10:43  Hydralisk x3  
  133  10:46  Zergling x10  
  133  10:49  Hydralisk  
  143  10:50  Hydralisk  
  143  10:51  Zergling x2  
  143  10:52  Zergling x4  
  150  11:01  Hydralisk x3  
  151  11:07  Hydralisk  
  153  11:13  Zergling x10  
  153  11:14  Zergling x10  
  163  11:22  Spore Crawler  
  163  11:23  Zergling x2  
  163  11:24  Spore Crawler, Zergling x18  
  169  11:35  Zergling x12  
  169  11:37  Hydralisk  
  173  11:46  Hydralisk x4  
  136  11:50  Infestor  
  143  11:54  Zergling x2  
  143  11:55  Zergling x16  
  143  12:00  Baneling  
  141  12:11  Hydralisk x8  
  141  12:12  Hydralisk  
  126  12:20  Hydralisk x3  
  128  12:26  Hydralisk  
  128  12:27  Hydralisk  
  128  12:29  Zergling x8  
  138  12:30  Zergling x4  
  138  12:32  Hydralisk x2  
  138  12:35  Hydralisk  
  144  12:38  Hydralisk  
  144  12:42  Hydralisk  
  146  12:54  Hydralisk x4  
  153  13:02  Baneling  
  153  13:03  Baneling x5  
  149  13:17  Hydralisk  
  149  13:18  Hydralisk x3  
  157  13:26  Zergling x22  
  167  13:33  Hydralisk x2  
  164  13:47  Zergling x10  
  168  13:51  Queen x2  
  169  13:58  Baneling x13  
  169  14:00  Zergling x2  
  126  14:28  Overseer  
  126  14:29  Overseer x2  
Tags
 
Add a new tag
Caveats
  • Supply blocks, unpowered buildings, or Contaminate may cause inaccurate times.
  • Supply counts are checked every 10 seconds.